 Dungeon Crawl Stone Soup version 0.18-a0-921-g28655ce (webtiles) character file.

2977 4thArraOfDagon the Cleaver (level 9, -9/72 HPs)
             Began as a Vine Stalker Berserker on Dec 27, 2015.
             Was a Believer of Trog.
             Mangled by a manticore (16 damage)
             ... in a volcano.
             The game lasted 00:08:18 (1538 turns).

4thArraOfDagon the Cleaver (Vine Stalker Berserker) Turns: 1538, Time: 00:08:18

Health: -9/72      AC:  8    Str: 24    XL:     9   Next: 82%
Magic:  0/13       EV: 10    Int: 10    God:    Trog [**....]
Gold:   278        SH:  0    Dex: 15    Spells: 0 memorised, 8 levels left

rFire  . . .     SeeInvis .     w - +2 battleaxe
rCold  . . .     Gourm    .     i - +0 scale mail
rNeg   . . .     Faith    .     (shield currently unavailable)
rPois  .         Spirit   +     (no helmet)
rElec  .         Dismiss  .     (no cloak)
rCorr  .         Reflect  .     h - +0 pair of gloves
SustAt .         Harm     .     (no boots)
MR     +....                    (no amulet)
Stlth  ..........               (no ring)
                                (no ring)

@: berserking (expiring), manticore barbs, very quick, somewhat resistant to
hostile enchantments, extremely unstealthy
A: fangs 3, regeneration 2, magic shield, antimagic bite, no device heal 3, rot
immunity
a: Berserk, Trog's Hand, Burn Spellbooks, Renounce Religion


You were in a volcano.
You worshipped Trog.
Trog was pleased with you.
You were not hungry.

You visited 2 branches of the dungeon, and saw 11 of its levels.
You also visited: Volcano.

You collected 278 gold pieces.

Inventory:

Hand Weapons
 d - a +2 hand axe of venom
 w - a +2 battleaxe (weapon)
Missiles
 k - 2 curare-tipped needles
Armour
 h - a +0 pair of gloves (worn)
 i - a +0 scale mail (worn)
Wands
 p - a wand of flame (22/48)
 A - a wand of lightning (9/15)
Scrolls
 b - a scroll of fog
 e - 3 scrolls of remove curse
 r - a scroll of noise {unknown}
 s - a scroll of blinking
 y - 2 scrolls of teleportation
 B - a scroll of random uselessness {unknown}
Potions
 a - a potion of cure mutation
 g - a potion of heal wounds
 j - a potion of might
 m - a potion of haste
 n - a potion of brilliance {unknown}
 u - a potion of degeneration
 v - a potion of curing
 x - a potion of flight
Comestibles
 c - 9 bread rations
 l - 3 meat rations


   Skills:
 + Level 6.1 Fighting
 * Level 8.5 Axes
 + Level 5.2 Armour
 - Level 1.5 Dodging
 + Level 4.5 Evocations


You had 8 spell levels left.
You didn't know any spells.

Dungeon Overview and Level Annotations

Branches:
Dungeon (10/15)              Lair (1/8) D:10
 Temple: D:4-7          Orc: D:9-12

Altars:
Dithmenos
Fedhas


Innate Abilities, Weirdness & Mutations

You have razor-sharp teeth.
You heal very quickly.
When hurt, damage is shared between your health and your magic reserves.
Your bite disrupts and absorbs the magic of your enemies.
Potions and wands cannot restore your health.
You are immune to rotting.


Message History

You see here a manticore corpse.
Unknown command.
You barely miss the manticore. Your bite misses the manticore.
The manticore bites you! The manticore claws you!
The manticore barely misses you.
You slash the manticore! You bite the manticore! You drain its power.
You feel invigorated.
The manticore is heavily wounded.
The manticore bites you!
* * * LOW HITPOINT WARNING * * *
The manticore claws you!
* * * LOW HITPOINT WARNING * * *
The manticore claws you but does no damage.
Unknown command.
You slice the manticore!!
The manticore is almost dead.
Your skin stops crawling.
You feel less resistant to hostile enchantments.
The manticore bites you!!
You die...

§≈≈≈≈§≈....####
§§§≈≈§§§§.....#
§§≈≈§≈§§§§§...# §
§§§≈≈≈≈§≈.§..## ≈§
≈§§≈§≈§≈≈≈....# ≈§§
§§≈≈§≈§≈....### ≈$!≈
≈§§≈≈§≈§......### ∩$!$[
.§§........###..##.)[..#
###.##.##### ###@H#
#####.##### #### #.#∩#.#
###...# #.....#
#§§≈..≈≈≈# ##≈≈§≈≈≈##
##≈≈≈§## ###§≈#


You could see a manticore.

Vanquished Creatures
  A manticore (Volcano)
  An elephant (D:10)
  A toenail golem (Volcano)
  A spiny frog (Lair:1)
  A fire elemental (Volcano)
  A spriggan (D:8)
  A water moccasin (Lair:1)
  A porcupine (Lair:1)
  A sky beast (D:3)
  A necrophage (D:8)
  An ice beast (D:8)
  An ogre (D:10)
  2 crocodiles
  2 giant frogs (Lair:1)
  A killer bee (D:8)
  4 wights (D:8)
  A centaur zombie (D:6)
  An orc priest (D:3)
  An iguana (Lair:1)
  An orc wizard (D:4)
  A worker ant (D:4)
  A killer bee zombie (D:5)
  A sheep (D:10)
  The ghost of 4thArraOfDagon the Chopper, a weakling MiCK of Xom (D:4)
  The ghost of 4thArraOfDagon the Scratcher, a weakling FeMo (D:5)
  4 adders
  An ooze (D:3)
  4 worms
  2 giant geckos
  10 orcs
  6 bats
  A goblin (D:3)
  A hobgoblin (D:1)
  A quokka (D:7)
  A giant cockroach (D:4)
  A giant gecko skeleton (D:4)
  4 giant newts
  4 jackals (D:4)
  A jackal skeleton (D:7)
  A rat (D:1)
72 creatures vanquished.

Notes
Turn   | Place    | Note
--------------------------------------------------------------
     0 | D:1      | 4thArraOfDagon the Vine Stalker Berserker began the quest for the Orb.
     0 | D:1      | Reached XP level 1. HP: 11/11 MP: 2/2
   129 | D:2      | Reached XP level 2. HP: 14/16 MP: 3/3
   136 | D:3      | Noticed a sky beast
   146 | D:3      | Reached skill level 3 in Axes
   147 | D:3      | Killed a sky beast
   147 | D:3      | Reached XP level 3. HP: 18/20 MP: 4/4
   147 | D:3      | Reached XP level 4. HP: 21/24 MP: 5/5
   149 | D:3      | Reached skill level 4 in Axes
   186 | D:3      | Found a blossoming altar of Fedhas.
   193 | D:2      | Reached XP level 5. HP: 28/28 MP: 6/6
   311 | D:3      | Reached ** piety under Trog
   346 | D:4      | Noticed 4thArraOfDagon's ghost (weakling MiCK)
   350 | D:4      | Killed 4thArraOfDagon's ghost
   403 | D:4      | Gained mutation: You heal very quickly. [Vine Stalker growth]
   403 | D:4      | Reached XP level 6. HP: 31/33 MP: 7/7
   528 | D:5      | Entered Level 5 of the Dungeon
   553 | D:5      | Noticed 4thArraOfDagon's ghost (weakling FeMo)
   559 | D:5      | Killed 4thArraOfDagon's ghost
   559 | D:5      | Reached skill level 5 in Axes
   602 | D:4      | Found a shadowy altar of Dithmenos.
   825 | D:8      | Reached skill level 1 in Evocations
   825 | D:8      | Reached XP level 7. HP: 13/37 MP: 5/8
   884 | D:8      | Noticed a spriggan baker
   896 | D:8      | Killed a spriggan baker
   969 | D:8      | Reached skill level 6 in Axes
   971 | D:8      | Gained mutation: You have razor-sharp teeth. [Vine Stalker growth]
   971 | D:8      | Reached XP level 8. HP: 42/42 MP: 8/10
  1146 | D:10     | Entered Level 10 of the Dungeon
  1149 | D:10     | Found a staircase to the Lair.
  1150 | D:10     | Noticed an elephant
  1165 | D:10     | Killed an elephant
  1165 | D:10     | Reached skill level 5 in Fighting
  1167 | D:10     | Reached skill level 7 in Axes
  1229 | Lair:1   | Entered Level 1 of the Lair of Beasts
  1311 | Lair:1   | Reached XP level 9. HP: 47/47 MP: 12/12
  1370 | Lair:1   | Noticed a spiny frog
  1376 | Lair:1   | Killed a spiny frog
  1376 | Lair:1   | Reached *** piety under Trog
  1411 | Lair:1   | Found a dark tunnel.
  1419 | Volcano  | Entered a volcano
  1469 | Volcano  | Reached skill level 8 in Axes
  1521 | Volcano  | Noticed a manticore
  1521 | Volcano  | Noticed a toenail golem
  1530 | Volcano  | Killed a toenail golem
  1530 | Volcano  | Reached skill level 5 in Armour
  1531 | Volcano  | Noticed a manticore
  1534 | Volcano  | Killed a manticore
  1538 | Volcano  | Mangled by a manticore

Vault maps used:
D:1:      lightli_arrival_flooded_house, hex_intersection
D:2:      grunt_pakellas_sulfur, first_bread, corexii_hall_statues_i
D:3:      fedhas_altar_2, uniq_sigmund
D:4:      lemuel_crystal_altar
D:5:      temple_statues, lemuel_another_geyser
D:6:      yredelemnul_altar_generic, ashenzari_altar_1
D:8:      kennysheep_mini_moat, xom_redecorated, kennysheep_little_box,
          the_bakery
D:9:      marbit_many_paths, erik_orc_1
D:10:     david_lair_generic, serial_shops, shop, serial_bayou_crossing,
          uniq_joseph, uniq_nergalle
Lair:1:   enter_volcano_2, minivault_23, fungi_pond_lemuel
Volcano:  volcano_pools

Action                   |  1- 3 |  4- 6 |  7- 9 || total
-------------------------+-------+-------+-------++-------
Melee: Hand axe          |    17 |   101 |    51 ||   169
       Battleaxe         |       |       |    23 ||    23
Invok: Berserk           |     1 |     4 |     7 ||    12
       Trog's Hand       |       |     1 |     1 ||     2
  Use: Scroll            |       |       |    14 ||    14
  Eat: Chunk             |       |     4 |     8 ||    12
       Fruit             |       |       |     2 ||     2
       Beef jerky        |       |       |     1 ||     1
